AoeStats
← JIJINz

Arena

509876384Analyzed
4v4 RM · 4d ago on Sep 28, 2026· 33m 1s· 8 players
Game mode
Random Map
Map size
Large (8 player)
Population
200
Speed
Normal
Resources
Standard
Victory
Conquest
Starting age
Dark Age
Ending age
Imperial Age
RankedLock teamsTeams togetherTeam positionsShared explorationLock speedFull tech treeHidden civsTurbo modeCheats
Victory
Defeat
🇨🇳 Britons · China
1531
+15
🇨🇳 Bohemians · China
1501
+17
🇯🇵 Mapuche · Japan
1471
+18
🇨🇳 Varangians · China
1429
+19
🇯🇵 Danes · Japan
1571
-19
🇨🇳 Jurchens · China
1500
-17
🇨🇱 Mongols · Chile
1499
-17
🇨🇳 Dravidians · China
1474
-16
啦啦啦啦啦啦
10:33 Feudal Age
11:52 Double-Bit Axe
11:50 Horse Collar
15:09 Castle Age
16:20 Bow Saw
16:12 Heavy Plow
22:24 Wheelbarrow
23:02 Loom
24:49 Hand Cart
25:18 Gold Mining
29:27 Imperial Age
27:35 Gold Shaft Mining
27:06 Stone Mining
27:08 Town Watch
27:52 Scale Barding Armor
27:58 Forging
28:30 Bloodlines
28:20 Husbandry
28:30 Fortified Bastions
29:07 Stone Shaft Mining
28:15 Light Cavalry
30:03 Iron Casting
29:49 Chain Barding Armor
29:58 Town Patrol
29:37 Elite Iron Pagoda
31:56 Blast Furnace
32:28 Plate Barding Armor
32:31 Elite Steppe Lancer
AiM | Ivancio
10:26 Feudal Age
8:42 Loom
11:29 Double-Bit Axe
14:11 Castle Age
13:17 Fletching
15:37 Bow Saw
19:25 Horse Collar
26:15 Atonement
26:58 Devotion
27:09 Gold Mining
29:11 Wheelbarrow
33:32 Imperial Age
31:27 Scale Barding Armor
32:46 Forging
JIJINz
10:18 Feudal Age
10:43 Feudal Age
10:48 Feudal Age
14:58 Castle Age
12:45 Double-Bit Axe
13:53 Horse Collar
16:22 Bow Saw
16:13 Heavy Plow
17:21 Squires
21:33 Arson
22:15 Scale Mail Armor
24:49 Wheelbarrow
27:48 Scale Mail Armor
28:00 Forging
30:41 Imperial Age
28:21 Scale Mail Armor
30:01 Iron Casting
30:09 Chain Mail Armor
30:59 Hand Cart
30:33 Hamask
30:44 Elite Varangian Guard
31:46 Conscription
致远Deepgame
10:23 Feudal Age
11:27 Double-Bit Axe
14:27 Castle Age
12:12 Horse Collar
15:32 Bow Saw
21:55 Wheelbarrow
22:55 Loom
23:47 Heavy Plow
24:17 Gold Mining
25:24 Hand Cart
29:03 Imperial Age
27:04 Fletching
27:15 Padded Archer Armor
27:47 Bodkin Arrow
28:14 Ballistics
28:21 Thumb Ring
27:52 Elite Skirmisher
29:42 Leather Archer Armor
29:19 Town Watch
29:50 Bracer
30:51 Chemistry
31:57 Pikeman
32:22 Gambesons
32:23 Arson
32:39 Squires
桐原冬子
10:08 Feudal Age
11:06 Double-Bit Axe
14:06 Castle Age
12:10 Horse Collar
15:36 Bow Saw
19:26 Wheelbarrow
21:16 Town Watch
22:21 Heavy Plow
24:19 Hand Cart
24:29 Hand Cart
27:55 Imperial Age
25:41 Fletching
25:56 Loom
26:23 Bodkin Arrow
26:28 Padded Archer Armor
27:11 Ballistics
27:24 Malon
29:43 Chemistry
29:17 Conscription
29:40 Butalmapu
30:15 Leather Archer Armor
30:28 Forging
30:15 Gold Mining
30:19 Stone Mining
31:00 Elite Bolas Rider
32:45 Ring Archer Armor
Hotaru猪
11:36 Feudal Age
12:18 Double-Bit Axe
12:33 Horse Collar
15:15 Castle Age
16:40 Bow Saw
18:24 Wheelbarrow
19:42 Gold Mining
20:35 Fletching
22:24 Loom
26:42 Imperial Age
24:41 Bodkin Arrow
26:20 Hand Cart
27:35 Ballistics
27:42 Bracer
29:27 Chemistry
28:28 Stone Mining
30:05 Elite Longbowman
30:57 Padded Archer Armor
31:49 Warwolf
32:27 Siege Engineers
Cusi Yupanqui
10:49 Feudal Age
11:27 Double-Bit Axe
11:23 Horse Collar
14:24 Castle Age
13:29 Wheelbarrow
15:23 Bow Saw
15:13 Heavy Plow
22:18 Gold Mining
23:20 Hand Cart
23:04 Stone Mining
24:30 Stone Shaft Mining
25:45 Treadmill Crane
28:37 Imperial Age
26:01 Loom
26:48 Scale Mail Armor
27:38 Squires
27:58 Forging
28:08 Town Watch
28:44 Chain Mail Armor
29:16 Iron Casting
28:31 Arson
30:10 Crop Rotation
30:41 Two-Man Saw
30:11 Conscription
29:33 Elite Varangian Guard
31:18 Plate Mail Armor
31:53 Blast Furnace
31:07 Guilds
31:13 Gothikon
33:22 Siege Engineers
33:25 Fletching
随之任之
10:57 Feudal Age
11:43 Double-Bit Axe
14:30 Castle Age
12:26 Horse Collar
15:17 Fletching
21:52 Loom
22:42 Wheelbarrow
24:03 Wagenburg Tactics
24:18 Bow Saw
26:25 Redemption
27:28 Sanctity
33:28 Imperial Age
32:56 Hand Cart
Connection lost

Rejoining the realm…

Still unreachable

The connection could not be restored.

Session expired

The server has moved on; the page needs a fresh start.